 Dungeon Crawl Stone Soup version 0.27-a0-1188-g73eefd5def (webtiles) character file.

Game seed: 13559278874875614975

36 st0uf the Stinger (level 3, 24/24 HPs)
             Began as a Demonspawn Venom Mage on May 20, 2021.
             Quit the game on level 2 of the Dungeon.
             The game lasted 00:03:43 (1174 turns).

st0uf the Stinger (Demonspawn Venom Mage)           Turns: 1174, Time: 00:03:43

Health: 24/24      AC:  5    Str:  8    XL:     3   Next: 19%
Magic:  0/6        EV: 12    Int: 17    God:
Gold:   49         SH:  0    Dex: 13    Spells: 5/6 levels left

rFire    . . .     SeeInvis .   (no weapon)
rCold    . . .     Faith    .   (no shield)
rNeg     . . .     Spirit   .   a - +0 robe
rPois    .         Reflect  .   (no helmet)
rElec    .         Harm     .   (no cloak)
rCorr    .         Rampage  .   (no gloves)
Will     .....                  d - +2 pair of boots {Stlth+}
Stlth    +++.......             (no amulet)
HPRegen  0.08/turn              (no ring)
MPRegen  0.10/turn              (no ring)

@: no status effects
A: claws 1
a: no special abilities


You were on level 2 of the Dungeon.
You visited 1 branch of the dungeon, and saw 2 of its levels.

You collected 49 gold pieces.

Inventory:

Armour
 a - a +0 robe (worn)
 d - a +2 pair of boots of stealth (worn)
Wands
 i - a wand of flame (17)
Scrolls
 b - a scroll of enchant weapon {unknown}
 e - a scroll of teleportation {unknown}
 f - a scroll of enchant armour {unknown}
 h - a scroll of brand weapon {unknown}
 j - a scroll of identify {unknown}
Potions
 c - a potion of attraction {unknown}
 g - 2 potions of brilliance {unknown}


   Skills:
 + Level 1.9 Dodging
 + Level 2.2 Stealth
 + Level 2.2 Spellcasting
 + Level 1.3 Transmutations
 + Level 3.5 Poison Magic


You had 5 spell levels left.
You knew the following spells:

 Your Spells              Type           Power      Damage    Failure   Level
a - Sting                 Tmut/Pois      40%        1d5       7%          1

Your spell library contained the following spells:

 Spells                   Type           Power      Damage    Failure   Level
 Poisonous Vapours        Pois/Air       16%        N/A       14%         2
 Ignite Poison            Fire/Tmut/Pois 7%         N/A       28%         3
 Mephitic Cloud           Conj/Pois/Air  5%         N/A       34%         3
 Olgreb's Toxic Radiance  Pois           14%        N/A       41%         4


Dungeon Overview and Level Annotations

Branches:
Dungeon (2/15)

Altars:


Innate Abilities, Weirdness & Mutations

You have sharp fingernails.


Message History

Confirm with . or Enter, or press ? or * to list all spells.
Aiming: Sting (safe; 8% risk of failure)
Press: ? - help, Shift-Dir - straight line, f - adder
Aim: an adder (48% to hit)
The sting hits the adder.
The adder is poisoned.
The adder is lightly wounded.
Casting: Sting (safe; 8% risk of failure)
Confirm with . or Enter, or press ? or * to list all spells.
Aiming: Sting (safe; 8% risk of failure)
Press: ? - help, Shift-Dir - straight line, f/p - adder
Aim: an adder (lightly wounded, poisoned, 48% to hit)
The sting hits the adder.
The adder looks even sicker.
The adder is heavily wounded.
The adder misses you.
Casting: Sting (safe; 8% risk of failure)
Confirm with . or Enter, or press ? or * to list all spells.
Aiming: Sting (safe; 8% risk of failure)
Press: ? - help, Shift-Dir - straight line, f/p - adder
Aim: an adder (heavily wounded, very poisoned, 48% to hit)
The sting hits the adder.
The adder looks even sicker.
The adder is heavily wounded.
The adder closely misses you.
Casting: Sting (safe; 8% risk of failure)
Confirm with . or Enter, or press ? or * to list all spells.
Aiming: Sting (safe; 8% risk of failure)
Press: ? - help, Shift-Dir - straight line, f/p - adder
Aim: an adder (heavily wounded, very poisoned, 48% to hit)
The sting hits the adder.
The adder looks as sick as possible!
The adder is almost dead.
The adder closely misses you. The adder bites you but does no damage.
You barely miss the adder.
The adder is almost dead.
You kill the adder!
Your Stealth skill increases to level 2!
You have reached level 3!
Your experience leads to an increase in your attributes!
Increase (S)trength, (I)ntelligence, or (D)exterity?
You feel clever.
Okay, then.
Are you sure you want to abandon this character and quit the game? (Confirm with "yes".)

#.......#
#######.#
###.# #...#
#.### #.#
#.#
########.##
......†@†.#
########.)#
#.....
#.##### #.#
#.# #.# #.#


There were no monsters in sight!

Vanquished Creatures
  An adder (D:2)
  A dart slug (D:1)
  2 endoplasms (D:1)
  2 giant cockroaches
  2 goblins
  2 hobgoblins (D:1)
  4 jackals (D:1)
  A ball python (D:1)
  2 bats (D:1)
  2 frilled lizards (D:1)
  2 kobolds (D:1)
  2 rats
23 creatures vanquished.

Notes
Turn   | Place    | Note
-------+----------+-------------------------------------------
     0 | D:1      | st0uf the Demonspawn Venom Mage began the quest for the
                  | Orb.
     0 | D:1      | Reached XP level 1. HP: 13/13 MP: 3/3
    54 | D:1      | Found a faded altar of an unknown god.
   510 | D:1      | Reached skill level 1 in Transmutations
   510 | D:1      | Gained mutation: You have sharp fingernails. [demonic
                  | ancestry]
   510 | D:1      | Reached XP level 2. HP: 19/19 MP: 1/5
  1174 | D:2      | Reached XP level 3. HP: 24/24 MP: 0/6
  1174 | D:2      | Quit the game

Illustrated notes

Levels and vault maps discovered:
D:1:      psy_arrival_statuary, layout_basic,
          shapermc_ecumenical_altar_starsandcircs
D:2:      layout_loops_ring, uniq_robin, uniq_crazy_yiuf_cottage

Skill      XL: |  1  2 |
---------------+-------+-----
Transmutations | 1 |  1.3
Stealth        | 2 |  2.2
Dodging        | |  1.9
Spellcasting   | |  2.2
Poison Magic   | |  3.5

Action                   || total
-------------------------++-------
Melee: Unarmed           ||    34
 Cast: Sting             ||    33
Armor: Robe              ||    17
Dodge: Dodged            ||    31

Table legend: (Time is in decaauts)
 A = Elapsed time spent in this place.
 B = Non-inter-level travel time spent in this place.
 C = Inter-level travel time spent in this place.
 D = Time resting spent in this place.
 E = Time spent auto-exploring this place.
 F = Levels seen in this place.
 G = Mean time per level.
                   A        B        C        D        E       F      G
               +--------+--------+--------+--------+--------+-----+--------+
         Total |   1173 |   1153 |     20 |    204 |    739 |   2 |  586.5 |
       Dungeon |   1173 |   1153 |     20 |    204 |    739 |   2 |  586.5 |
               +--------+--------+--------+--------+--------+-----+--------+

Top non-repeatable levels by time:
     D:1: 1052 daAuts
     D:2: 121 daAuts
